 Dungeon Crawl Stone Soup version 0.27-a0-40-g5f2be0e231 (webtiles) character file.

Game seed: 16168409037291760938

30 sahdkjhfkaj the Shield-Bearer (level 3, 0/33 HPs)
             Began as a Deep Dwarf Fighter on Jan 6, 2021.
             Slain by a gnoll
             ... wielding a +0 club
              (3 damage)
             ... on level 2 of the Dungeon.
             The game lasted 00:00:49 (266 turns).

sahdkjhfkaj the Shield-Bearer (Deep Dwarf Fighter)   Turns: 266, Time: 00:00:50

Health: 0/33       AC:  6    Str: 20    XL:     3   Next: 3%
Magic:  3/3        EV:  7    Int:  8    God:
Gold:   0          SH:  9    Dex: 12    Spells: 2/2 levels left

rFire    . . .     SeeInvis .   a - +0 war axe
rCold    . . .     Faith    .   c - +0 kite shield
rNeg     . . .     Spirit   .   b - +0 scale mail
rPois    .         Reflect  .   (no helmet)
rElec    .         Harm     .   (no cloak)
rCorr    .         Rampage  .   (no gloves)
Will     .....                  (no boots)
Stlth    ..........             (no amulet)
HPRegen  0.00/turn              (no ring)
MPRegen  0.08/turn              (no ring)

@: lethally poisoned (0 -> -1), non-regenerating
A: damage resistance, heal wounds, sense surroundings 1, no regeneration
a: Heal Wounds


You were on level 2 of the Dungeon.
You visited 1 branch of the dungeon, and saw 2 of its levels.

Inventory:

Hand Weapons
 a - a +0 war axe (weapon)
Armour
 b - a +0 scale mail (worn)
 c - a +0 kite shield (worn)
Scrolls
 g - a scroll of identify {unknown}
 h - a scroll of remove curse {unknown}
Potions
 d - a potion of might
 e - a potion of lignification {unknown}
 f - a potion of ambrosia {unknown}


   Skills:
 + Level 2.8 Fighting
 * Level 2.8 Axes
 + Level 3.5 Armour
 + Level 0.8 Dodging
 * Level 3.7 Shields


You had 2 spell levels left.
You didn't know any spells.
Your spell library was empty.

Dungeon Overview and Level Annotations

Branches:
Dungeon (2/15)

Altars:


Innate Abilities, Weirdness & Mutations

You are resistant to damage.
You can heal yourself by infusing magical energy.
You passively map a small area around you.
You do not regenerate.


Message History

Unknown command.
You are too injured to fight recklessly!
You feel much better.
You feel sick.
The gnoll hits you but does no damage. x2
The gnoll hits you from afar with a +0 halberd.
You closely miss the gnoll.
The gnoll is heavily wounded.
You slash the gnoll!
You feel very sick. The gnoll hits you with a +0 flail.
The gnoll closely misses you. The gnoll barely misses you.
You block the gnoll's attack. The gnoll hits you but does no damage.
Unknown command.
You barely miss the gnoll.
The gnoll is severely wounded.
You hit the gnoll but do no damage.
You feel very sick.
The gnoll hits you from afar with a +0 halberd!
* * * LOW HITPOINT WARNING * * *
The gnoll hits you with a +0 club.
You die...

,
............+.........+
,,
.###.#...####.........#
, , ###.#..###
##.......## ,
?.........# ##.....## *
#.##.####.# ##...## #.
#.# ##'## #, ###.#####
#.# *, * #...?...# #.#
* .[....#@###.###.#####
......gg)...........#
.##.#.#g###.#.....#<#
#.#.... ##...##.# * #,#
... *##.###.# * ,....#
** ### #.. .#### ### *
, ?. *


You could see 3 gnolls.

Vanquished Creatures
  A gnoll (D:2)
  An adder (D:2)
  A dart slug (D:1)
  A leopard gecko (D:2)
  A giant cockroach (D:1)
  A goblin (D:1)
  A hobgoblin (D:1)
  A bat (D:1)
  A frilled lizard (D:1)
9 creatures vanquished.

Notes
Turn   | Place    | Note
-------+----------+-------------------------------------------
     0 | D:1      | sahdkjhfkaj the Deep Dwarf Fighter began the quest for the
                  | Orb.
     0 | D:1      | Reached XP level 1. HP: 20/20 MP: 1/1
   173 | D:1      | Reached XP level 2. HP: 14/27 MP: 2/2
   264 | D:2      | Reached XP level 3. HP: 14/33 MP: 3/3
   266 | D:2      | Slain by a gnoll

Illustrated notes

Levels and vault maps discovered:
D:1:      ebering_trefoil_3fold, layout_basic
D:2:      layout_loops_corners, uniq_robin

Action                   || total
-------------------------++-------
Melee: War axe           ||    33
 Abil: Heal Wounds       ||     3
Armor: Scale mail        ||    14
Dodge: Dodged            ||    14
Block: Kite shield       ||    26

Table legend: (Time is in decaauts)
 A = Elapsed time spent in this place.
 B = Non-inter-level travel time spent in this place.
 C = Inter-level travel time spent in this place.
 D = Time resting spent in this place.
 E = Time spent auto-exploring this place.
 F = Levels seen in this place.
 G = Mean time per level.
                   A        B        C        D        E       F      G
               +--------+--------+--------+--------+--------+-----+--------+
         Total |    280 |    280 |      0 |      0 |    182 |   2 |  140.0 |
       Dungeon |    280 |    280 |      0 |      0 |    182 |   2 |  140.0 |
               +--------+--------+--------+--------+--------+-----+--------+

Top non-repeatable levels by time:
     D:1: 192 daAuts
     D:2: 87 daAuts
